 Dungeon Crawl Stone Soup version 0.19.5 (webtiles) character file.

2320 Lovchig the Cleaver (level 9, -2/81 HPs)
             Began as a Deep Dwarf Fighter on May 7, 2017.
             Was a Follower of the Shining One.
             Killed by divine providence
             ... invoked by an orc priest
              (14 damage)
             ... on level 7 of the Dungeon.
             The game lasted 00:24:19 (5234 turns).

Lovchig the Cleaver (Deep Dwarf Fighter)            Turns: 5234, Time: 00:24:21

Health: -2/81      AC: 16    Str: 23    XL:     9   Next: 18%
Magic:  7/7        EV: 10    Int:  9    God:    the Shining One [*.....]
Gold:   381        SH:  0    Dex: 12    Spells: 0 memorised, 8 levels left

rFire  . . .     SeeInvis .     r - -1 war axe (curse)
rCold  . . .     Gourm    .     p - +0 chain mail
rNeg   . . .     Faith    .     (no shield)
rPois  .         Spirit   .     q - +1 helmet
rElec  .         Reflect  .     (no cloak)
rCorr  .         Harm     .     (no gloves)
MR     ++...                    (no boots)
Stlth  ..........               (no amulet)
                                n - +4 ring of protection
                                i - ring of protection from magic

@: non-regenerating, glowing
A: damage resistance, recharge devices, sense surroundings 2, slow regeneration
3
a: Device Recharging, Renounce Religion


You were on level 7 of the Dungeon.
You worshipped the Shining One.
The Shining One was aware of your devotion.
You were not hungry.

You visited 2 branches of the dungeon, and saw 8 of its levels.

You collected 381 gold pieces.

Inventory:

Hand Weapons
 a - a +2 war axe
 r - a cursed -1 war axe (weapon)
Armour
 p - a +0 chain mail (worn)
 q - a +1 helmet (worn)
Jewellery
 i - a ring of protection from magic (left hand)
 l - an uncursed ring of protection from cold
 n - a +4 ring of protection (right hand)
Wands
 e - a wand of heal wounds (7/9)
 m - a wand of slowing (24/48)
Scrolls
 t - a scroll of immolation {unknown}
 y - a scroll of amnesia
Potions
 b - a potion of berserk rage
 d - a potion of might
 g - a potion of curing
 h - a potion of agility {unknown}
 j - a potion of magic {unknown}
 o - 2 potions of lignification {unknown}
 u - a potion of cure mutation {unknown}
 x - a potion of flight {unknown}
Comestibles
 c - 11 chunks of flesh
 f - 3 bread rations
 k - a meat ration
 s - 2 beef jerkies
 v - 2 fruits


   Skills:
 * Level 5.3 Fighting
 * Level 10.1 Axes
 * Level 6.6 Armour
 * Level 4.1 Dodging
   Level 3.2 Shields


You had 8 spell levels left.
You didn't know any spells.

Dungeon Overview and Level Annotations

Branches:
Dungeon (7/15)             Temple (1/1) D:4

Altars:
Ashenzari
Cheibriados
Dithmenos
Elyvilon
Fedhas
Gozag
Hepliaklqana
Kikubaaqudgha
Makhleb
Nemelex Xobeh
Okawaru
Qazlal
Ru
Sif Muna
Trog
Uskayaw
Xom
Yredelemnul
Zin
The Shining One


Innate Abilities, Weirdness & Mutations

You are resistant to damage.
You can recharge devices by infusing magical energy.
You passively map the area around you.
You do not regenerate.


Message History

The orc priest hits you but does no damage.
An orc priest and an orc wizard come into view.
The orc wizard shouts!
The orc priest shouts!
You hit the orc priest.
The orc priest is lightly wounded.
The orc priest mumbles some strange prayers to Beogh against you.
Beogh smites you! The orc priest hits you.
You barely miss the orc priest.
The orc priest is lightly wounded.
The orc priest calls down the wrath of Beogh upon you.
Beogh smites you!
* * * LOW HITPOINT WARNING * * *
The orc priest hits you but does no damage.
You slash the orc priest!
The orc priest is severely wounded.
The orc wizard mumbles some strange words.
The orc wizard blinks!
The orc priest calls down the wrath of Beogh upon you.
Beogh smites you!
You die...

* * * * * * , , ,* * ,
#####*, ,* * * ,,
.....* *, ... , ** * *
, ######.########## , ,
* #.
#..............ยง.' ,
#.#..#.#.......@oo# ,,
, ,
,#.#..#.#.####.....## ,
, ...................o.
,
,*,#...<...##......#.##
,, ,
,#.......#.........#**,
, , #.......#..#.#.....
** ,
#.###..#.##..#.#......*
#.........#..#.#......
, ########..#..#.#*####


You could see 2 orc priests and an orc.

Vanquished Creatures
  The ghost of Zhenya24pyc the Cudgeler, an amateur GrFi (D:3)
  A sky beast (D:7)
  2 ogres (D:4)
  An ice beast (D:5)
  A phantom (D:4)
  2 centaurs (D:6)
  5 big kobolds (D:5)
  A gnoll sergeant (D:6)
  A bullfrog (D:6)
  A scorpion (D:4)
  2 howler monkeys
  A centaur zombie (D:6)
  3 crimson imps
  3 hounds (D:4)
  A bullfrog skeleton (D:7)
  2 orc priests
  A jelly (D:5)
  5 orc wizards
  7 worker ants
  A hound zombie (D:5)
  14 gnolls
  7 adders
  An adder skeleton (D:6)
  2 dart slugs
  3 worms (D:2)
  2 leopard geckos
  23 orcs
  6 bats
  8 giant cockroaches
  7 hobgoblins
  8 jackals
  2 quokkas
  2 ball pythons
  A ball python skeleton (D:4)
  6 frilled lizards
  5 goblins
  50 kobolds
  3 rats
192 creatures vanquished.

Notes
Turn   | Place    | Note
-------+----------+-------------------------------------------
     0 | D:1      | Lovchig the Deep Dwarf Fighter began the quest for the Orb.
     0 | D:1      | Reached XP level 1. HP: 20/20 MP: 1/1
   270 | D:1      | Reached XP level 2. HP: 27/27 MP: 2/2
   650 | D:2      | Found a snail-covered altar of Cheibriados.
   850 | D:2      | Reached XP level 3. HP: 21/34 MP: 3/3
   860 | D:2      | Found a sacrificial altar of Ru.
  1111 | D:2      | Reached skill level 3 in Axes
  1111 | D:2      | Reached skill level 1 in Dodging
  1128 | D:2      | Found an iron altar of Okawaru.
  1143 | D:2      | Reached XP level 4. HP: 20/42 MP: 4/4
  1449 | D:3      | Noticed Zhenya24pyc's ghost (amateur GrFi)
  1460 | D:3      | Killed Zhenya24pyc's ghost
  1460 | D:3      | Reached skill level 4 in Axes
  1460 | D:3      | Reached XP level 5. HP: 24/49 MP: 5/5
  1573 | D:3      | Reached skill level 5 in Axes
  1596 | D:3      | Found a shimmering altar of Xom.
  1737 | D:3      | Found an opulent altar of Gozag.
  1747 | D:3      | Found a shimmering altar of Xom.
  1860 | D:3      | Found a stormy altar of Qazlal.
  1993 | D:4      | Reached XP level 6. HP: 38/56 MP: 6/6
  2126 | D:4      | Reached skill level 6 in Axes
  2211 | D:4      | Reached XP level 7. HP: 58/63 MP: 5/5
  2255 | D:4      | Found a staircase to the Ecumenical Temple.
  2264 | Temple   | Entered the Ecumenical Temple
  2605 | D:4      | Found a bloodstained altar of Trog.
  2628 | D:4      | Reached skill level 5 in Armour
  2686 | D:4      | Reached skill level 7 in Axes
  2780 | D:4      | Found a shattered altar of Ashenzari.
  2982 | D:4      | Found a faded altar of an unknown god.
  2982 | D:4      | Found a faded altar of an unknown god.
  2987 | D:4      | Found a faded altar of an unknown god.
  2989 | D:4      | Found a faded altar of an unknown god.
  2991 | D:4      | Found a glowing golden altar of the Shining One.
  2994 | D:4      | Became a worshipper of the Shining One
  3067 | D:4      | Found a burning altar of Makhleb.
  3115 | D:5      | Entered Level 5 of the Dungeon
  3502 | D:5      | Reached XP level 8. HP: 59/72 MP: 6/6
  3570 | D:5      | Reached * piety under the Shining One
  3582 | D:5      | Reached skill level 8 in Axes
  3854 | D:5      | Found a glowing golden altar of the Shining One.
  3966 | D:5      | Reached skill level 9 in Axes
  4004 | D:5      | Found a white marble altar of Elyvilon.
  4565 | D:6      | Reached skill level 5 in Fighting
  4768 | D:6      | Gained mutation: You passively map the area around you. [Deep Dwarf growth]
  4768 | D:6      | Reached XP level 9. HP: 41/81 MP: 7/7
  4874 | D:6      | Found a sparkling altar of Nemelex Xobeh.
  5126 | D:6      | Reached skill level 10 in Axes
  5234 | D:7      | Killed from afar by an orc priest

Skill      XL: |  1  2  3  4  5  6  7  8  9 |
---------------+----------------------------+-----
Fighting       | 3 4 5 |  5.3
Axes           | 3 4 5 6 7 9 10 | 10.1
Dodging        | 1 2 3 4 |  4.1
Armour         | 4 5 6 |  6.6
Shields        | |  3.2

Action                   |  1- 3 |  4- 6 |  7- 9 || total
-------------------------+-------+-------+-------++-------
Melee: War axe           |   106 |   176 |   348 ||   630
 Abil: Device Recharging |       |     2 |       ||     2
Evoke: Wand              |       |     5 |     5 ||    10
  Use: Scroll            |     1 |     1 |     8 ||    10
  Eat: Chunk             |     1 |     4 |     6 ||    11
       Bread ration      |       |       |     1 ||     1
Armor: Scale mail        |    63 |    30 |       ||    93
       Chain mail        |       |    87 |   247 ||   334
Dodge: Dodged            |    78 |    90 |   199 ||   367
Block: Shield            |     2 |       |       ||     2
